 Dungeon Crawl Stone Soup version 0.28-a0-60-g54b5640690 (webtiles) character file.

Game seed: 1547711717394368557

2198 bande the Chopper (level 9, -2/55 HPs)
             Began as a Gargoyle Fighter on July 31, 2021.
             Was a Follower of Okawaru.
             Slain by a killer bee (6 damage)
             ... on level 7 of the Dungeon.
             The game lasted 00:15:02 (6729 turns).

bande the Chopper (Gargoyle Fighter)                Turns: 6729, Time: 00:15:03

Health: -2/55      AC: 21    Str: 22    XL:     9   Next: 34%
Magic:  9/9        EV:  5    Int:  5    God:    Okawaru [*.....]
Gold:   660        SH: 17    Dex: 10    Spells: 8/8 levels left

rFire   . . .      SeeInvis +   s - +2 hand axe (freeze)
rCold   . . .      Faith    .   c - +1 kite shield
rNeg    + . .      Spirit   .   g - +0 plate armour
rPois   ∞          Reflect  +   (no helmet)
rElec   +          Harm     .   h - +0 cloak
rCorr   .          Rampage  +   z - +0 pair of gloves
Will    .....                   (no boots)
Stlth   ..........              f - amulet of Louwyp {Reflect Rampage Int-4 SH+5 SInv}
HPRegen 0.18/turn               (no ring)
MPRegen 0.11/turn               (no ring)

@: no status effects
A: sickness immunity, AC +6, negative energy resistance 1, electricity
resistance, torment resistance 1, petrification resistance
a: Renounce Religion, Heroism


You were on level 7 of the Dungeon.
You worshipped Okawaru.
Okawaru was aware of your devotion.
You visited 2 branches of the dungeon, and saw 8 of its levels.
You also visited: Ossuary.

You collected 720 gold pieces.
You spent 60 gold pieces at shops.

Inventory:

Hand Weapons
 i - a +0 flail
 s - a +2 hand axe of freezing (weapon)
 y - a +0 broad axe
 A - a +0 broad axe
Armour
 c - a +1 kite shield (worn)
 g - a +0 plate armour (worn)
 h - a +0 cloak (worn)
 z - a +0 pair of gloves (worn)
Jewellery
 a - an amulet of regeneration
 f - the amulet of Louwyp (around neck) {Reflect Rampage Int-4 SH+5 SInv}
   (You acquired it on level 3 of the Dungeon)

   [amulet of reflection]

   It reflects blocked missile attacks.
   Int:       It affects your intelligence (-4).
   SInv:      It lets you see invisible.
   SH:        It affects your SH (+5).
   Rampage:   It bestows one free step when moving towards enemies.
 m - a ring of protection from cold
 o - an amulet of the acrobat
Scrolls
 e - a scroll of identify
 q - 2 scrolls of fear
 x - 2 scrolls of teleportation
Potions
 b - a potion of degeneration {unknown}
 d - a potion of might
 j - 3 potions of haste
 k - 2 potions of curing
 l - a potion of lignification {unknown}
 n - a potion of cancellation {unknown}
 p - a potion of mutation {unknown}
 r - a potion of flight {unknown}
 u - 2 potions of experience {unknown}
 v - 2 potions of brilliance {unknown}
 w - 2 potions of magic {unknown}
 B - 2 potions of attraction {unknown}


   Skills:
 + Level 5.7 Fighting
 + Level 7.5 Axes
 + Level 6.1 Armour
 + Level 1.5 Dodging
 + Level 7.3 Shields


You had 8 spell levels left.
You didn't know any spells.
Your spell library contained the following spells:

 Spells                   Type           Power      Damage    Failure   Level
 Freeze                   Ice            0%         1d3       100%        1
 Magic Dart               Conj           0%         1d3       100%        1
 Summon Small Mammal      Summ           0%         N/A       100%        1
 Blink                    Tloc           N/A        N/A       100%        2
 Call Imp                 Summ           0%         N/A       100%        2
 Searing Ray              Conj           0%         3d3       100%        2
 Call Canine Familiar     Summ           0%         N/A       100%        3
 Frozen Ramparts          Ice            0%         1d2       100%        3
 Lesser Beckoning         Tloc           0%         N/A       100%        3
 Mephitic Cloud           Conj/Pois/Air  0%         N/A       100%        3
 Summon Guardian Golem    Hex/Summ       0%         N/A       100%        3
 Fulminant Prism          Conj/Hex       0%         3d6       100%        4
 Hailstorm                Conj/Ice       0%         3d3       100%        4
 Manifold Assault         Tloc           0%         N/A       100%        5


Dungeon Overview and Level Annotations

Branches:
Dungeon (7/15)             Temple (1/1) D:6         Ossuary (visited)

Altars:
Ashenzari
Cheibriados
Elyvilon
Fedhas
Gozag
Hepliaklqana
Okawaru
Qazlal
Ru
Trog
Uskayaw
Vehumet
The Shining One

Shops:
D:4 ***


Innate Abilities, Weirdness & Mutations

You are immune to sickness and miasma.
Your stone body is resilient. (AC +6)
You are immune to poison.
You resist negative energy. (rN+)
You are resistant to electric shocks. (rElec)
You are resistant to unholy torment.
You are immune to petrification.


Message History

You block the killer bee's attack. The killer bee stings you.
The killer bee stings you but does no damage.
The killer bee stings you. The killer bee barely misses you.
The killer bee stings you but does no damage.
The killer bee stings you. You block the killer bee's attack.
You miss the killer bee.
The killer bee is heavily wounded.
You hit the killer bee. You freeze the killer bee. You miss the killer bee.
You slash the killer bee! You freeze the killer bee. You hit the killer bee.
You freeze the killer bee. The killer bee stings you.
* * * LOW HITPOINT WARNING * * *
The killer bee stings you.
* * * LOW HITPOINT WARNING * * *
You block the killer bee's attack. The killer bee barely misses you.
You block the killer bee's attack.
The killer bee stings you but does no damage.
You block the killer bee's attack. The killer bee closely misses you.
The killer bee stings you but does no damage.
You block the killer bee's attack.
The killer bee stings you but does no damage. x2
You miss the killer bee.
The killer bee is heavily wounded.
You miss the killer bee. You hit the killer bee. You freeze the killer bee.
You kill the killer bee!
Okawaru accepts your kill.
You slash the killer bee! You freeze the killer bee.
You kill the killer bee!
Okawaru accepts your kill.
You closely miss the killer bee. The killer bee barely misses you.
You block the killer bee's attack. x2; The killer bee barely misses you.
You block the killer bee's attack.
The killer bee stings you but does no damage.
The bullfrog hits you but does no damage.
The killer bee stings you.
* * * LOW HITPOINT WARNING * * *
You hit the killer bee but do no damage.
The killer bee is heavily wounded.
You miss the killer bee. You hit the bullfrog. You freeze the bullfrog.
You miss the killer bee. The killer bee stings you.
You die...

...#...........)..###. ..
##............(.............
...#..............##..#+##.####
...#..............##..#........
..................+...#+##.###.
..............##....##.......#
#...#...............##.......##
................†................
.........<.....F@...........#####
...............yyy.....##+###
............)..........##>#
.......................##.#######
.#...................##.#.....)
#........#####......##.#.#####
#........# #########.#.##..#
####'#################.#.....#
#........................##


You could see a bullfrog and 3 killer bees.

Vanquished Creatures
  Grinder (D:6)
  Edmund (D:6)
  3 ogres
  A sky beast (D:6)
  An ice beast (D:6)
  An orc warrior (D:7)
  A necrophage (D:4)
  A centaur (D:7)
  Blork the orc (D:6)
  A bullfrog (D:6)
  A scorpion (D:6)
  3 wights
  3 killer bees (D:7)
  A howler monkey (D:5)
  A bullfrog zombie (D:6)
  5 hounds
  A centaur zombie (D:6)
  An orc priest (D:4)
  A jelly (D:6)
  A bullfrog skeleton (D:6)
  A centaur skeleton (D:5)
  3 iguanas
  2 orc wizards
  2 mummies (Ossuary)
  3 gnolls (D:6)
  6 adders
  A howler monkey skeleton (D:4)
  2 ufetubi
  2 adder skeletons (D:4)
  3 dart slugs
  11 orcs
  6 endoplasms
  3 giant cockroaches
  4 goblins
  6 hobgoblins
  7 jackals
  4 quokkas
  8 ball pythons
  7 bats
  4 frilled lizards
  4 gnoll zombies (Ossuary)
  2 goblin zombies (Ossuary)
  3 hobgoblin zombies (Ossuary)
  8 kobolds
  5 orc zombies (Ossuary)
  6 rats
143 creatures vanquished.

Vanquished Creatures (others)
  2 fungi (D:3)
  8 plants
  A withered plant (D:6)
11 creatures vanquished.

Grand Total: 154 creatures vanquished

Notes
Turn   | Place    | Note
-------+----------+-------------------------------------------
     0 | D:1      | bande the Gargoyle Fighter began the quest for the Orb.
     0 | D:1      | Reached XP level 1. HP: 14/14 MP: 1/1
   139 | D:1      | Reached XP level 2. HP: 20/20 MP: 2/2
   694 | D:1      | Reached XP level 3. HP: 24/24 MP: 3/3
   994 | D:2      | Found a bloodstained altar of Trog.
  1573 | D:3      | Reached XP level 4. HP: 29/29 MP: 4/4
  1584 | D:3      | Identified a scroll of acquirement
  1584 | D:3      | Acquired the amulet of Louwyp {Reflect Rampage Int-4 SH+5
                  | SInv}
  1604 | D:3      | Found a white marble altar of Elyvilon.
  1972 | D:3      | Found a faded altar of an unknown god.
  2050 | D:3      | Found a stormy altar of Qazlal.
  2099 | D:3      | Reached XP level 5. HP: 14/33 MP: 5/5
  2308 | D:3      | Found a bloodstained altar of Trog.
  3017 | D:4      | Reached XP level 6. HP: 32/38 MP: 6/6
  3456 | D:4      | Found Fafifar's CLEARANCE SALE! EVERYTHING MUST GO!.
  3519 | D:4      | Found Zicetz's General Store.
  3525 | D:4      | Found Ibbude's Specific Store.
  3534 | D:4      | Bought a potion of heal wounds for 60 gold pieces
  3758 | D:5      | Entered Level 5 of the Dungeon
  3826 | D:5      | Reached skill level 5 in Shields
  3944 | D:5      | Noticed a necrophage
  3954 | D:5      | Reached XP level 7. HP: 18/43 MP: 7/7
  3994 | D:5      | Identified the +0 robe "Egrelih" {rPois rC- SInv}
  4011 | D:4      | Reached skill level 1 in Dodging
  4699 | D:5      | Reached skill level 5 in Axes
  5044 | D:6      | Noticed Edmund
  5059 | D:6      | Reached skill level 5 in Armour
  5059 | D:6      | Reached XP level 8. HP: 19/48 MP: 8/8
  5065 | D:6      | Killed Edmund
  5089 | D:6      | Found a staircase to the Ecumenical Temple.
  5290 | D:6      | Found a sacrificial altar of Ru.
  5312 | D:6      | Found a sand-covered staircase.
  5322 | Ossuary  | Entered an ossuary
  5647 | D:6      | Noticed Grinder
  5677 | D:6      | Killed Grinder
  5678 | D:6      | Reached skill level 5 in Fighting
  5702 | Temple   | Entered the Ecumenical Temple
  5711 | Temple   | Became a worshipper of Warmaster Okawaru
  6114 | D:6      | Reached XP level 9. HP: 54/54 MP: 9/9
  6211 | D:6      | Noticed Blork the orc
  6216 | D:6      | Killed Blork the orc
  6553 | D:7      | Reached * piety under Okawaru
  6729 | D:7      | Slain by a killer bee

Illustrated notes

Levels and vault maps discovered:
D:1:      arrival_zaba_pyramid, layout_basic
D:2:      layout_basic, basic_altar, minmay_tall_x
D:3:      layout_rooms, mainiacjoe_overflow_big_doors,
          mainiacjoe_overflow_cross_hatched,
          shapermc_ecumenical_altar_acropolis, ebering_dispersal_statue_hall
D:4:      layout_rooms, serial_rivers, chequers_serial_rivers_micro_e,
          chequers_serial_rivers_small_b, chequers_serial_rivers_large_b,
          chequers_serial_rivers_room_a, chequers_serial_rivers_small_a,
          roderic_lattice_a, nicolae_specific_store, nicolae_shop_clearance
D:5:      layout_basic
D:6:      layout_gridville, nicolae_ru_great_annihilating_truth,
          minmay_temple_entry_overgrown, serial_undead, serial_undead_d,
          serial_undead_c, serial_undead_c, serial_undead_a, serial_undead_b,
          serial_undead_e, nicolae_ossuary_entry_ruins, uniq_blork_the_orc,
          uniq_grinder, uniq_edmund
D:7:      layout_basic, marbit_many_paths
Temple:   eino_narrow_crystal_temple

Skill      XL: |  1  2  3  4  5  6  7  8  9 |
---------------+----------------------------+-----
Axes           | 2 3 4 5 7 |  7.5
Shields        | 4 5 6 7 |  7.3
Fighting       | 4 5 |  5.7
Armour         | 4 5 6 |  6.1
Dodging        | 1 |  1.5

Action                   |  1- 3 |  4- 6 |  7- 9 || total
-------------------------+-------+-------+-------++-------
Melee: War axe           |   105 |   121 |       ||   226
       Hand axe          |       |    28 |   279 ||   307
  Use: Scroll            |     1 |     6 |     3 ||    10
       Potion            |       |       |     3 ||     3
 Stab: Paralysed         |       |       |     2 ||     2
Armor: Scale mail        |    63 |    84 |       ||   147
       Chain mail        |       |     8 |    96 ||   104
       Plate armour      |       |       |    15 ||    15
Dodge: Dodged            |    32 |    35 |    50 ||   117
Block: Kite shield       |    67 |   158 |   248 ||   473
       Reflection        |       |     4 |     3 ||     7

Table legend: (Time is in decaauts)
 A = Elapsed time spent in this place.
 B = Non-inter-level travel time spent in this place.
 C = Inter-level travel time spent in this place.
 D = Time resting spent in this place.
 E = Time spent auto-exploring this place.
 F = Levels seen in this place.
 G = Mean time per level.
                   A        B        C        D        E       F      G
               +--------+--------+--------+--------+--------+-----+--------+
         Total |   6953 |   6888 |     65 |   1584 |   3629 |   9 |  772.6 |
       Dungeon |   6531 |   6466 |     65 |   1356 |   3552 |   7 |  933.0 |
        Temple |    175 |    175 |      0 |    158 |      0 |   1 |  175.0 |
       Ossuary |    246 |    246 |      0 |     70 |     77 |   1 |  246.0 |
               +--------+--------+--------+--------+--------+-----+--------+

Top non-repeatable levels by time:
     D:4: 1696 daAuts
     D:6: 1099 daAuts
     D:3: 1055 daAuts
     D:1: 1028 daAuts
     D:5: 800 daAuts
     D:2: 588 daAuts
     D:7: 261 daAuts
 Ossuary: 246 daAuts
  Temple: 175 daAuts
